 Dungeon Crawl Stone Soup version 0.24-a0-194-g9bee6eb (console) character file.

Game seed: 6755753117435735239

252 Voker57 the Slasher (level 5, -2/41 HPs)
             Began as a Demonspawn Gladiator on Mar 18, 2019.
             Was a Believer of Cheibriados.
             Slain by a worm (10 damage)
             ... on level 4 of the Dungeon.
             The game lasted 00:03:04 (2861 turns).

Voker57 the Slasher (Demonspawn Gladiator)          Turns: 2861, Time: 00:03:05

Health: -2/41      AC:  3    Str: 20    XL:     5   Next: 89%
Magic:  6/6        EV: 14    Int: 16    God:    Cheibriados [**....]
Gold:   151        SH:  0    Dex: 21    Spells: 4/4 levels left

rFire    . . .     SeeInvis .   a - +1 long sword
rCold    . . .     Gourm    .   (no shield)
rNeg     . . .     Faith    .   b - +0 leather armour
rPois    .         Spirit   .   (helmet restricted)
rElec    .         Reflect  .   (no cloak)
rCorr    .         Harm     .   (no gloves)
MR       .....                  (no boots)
Stlth    +.........             (no amulet)
HPRegen  0.13/turn              (no ring)
MPRegen  0.10/turn              (no ring)

@: lethally poisoned (-2 -> -4), very slow
A: horns 1, spiny 1, sturdy frame 1
a: Bend Time, Renounce Religion


You were on level 4 of the Dungeon.
You worshipped Cheibriados.
Cheibriados was pleased with you.
You were not hungry.

You visited 1 branch of the dungeon, and saw 4 of its levels.

You collected 151 gold pieces.

Inventory:

Hand Weapons
 a - a +1 long sword (weapon)
Missiles
 d - a throwing net (quivered)
Armour
 b - a +0 leather armour (worn)
 c - a +0 helmet
Jewellery
 e - an uncursed ring of see invisible {unknown}
Scrolls
 i - a scroll of identify
Potions
 h - a potion of heal wounds
 k - a potion of lignification
 l - a potion of mutation {unknown}
 n - a potion of might {unknown}
 p - a potion of cancellation {unknown}
Comestibles
 f - 6 rations
 g - 4 chunks of flesh


   Skills:
 + Level 3.4 Fighting
 * Level 4.5 Long Blades
 - Level 1.7 Throwing
 + Level 3.7 Dodging
 + Level 1.6 Invocations


You had 4 spell levels left.
You didn't know any spells.
Your spell library was empty.

Dungeon Overview and Level Annotations

Branches:
Dungeon (4/15)
 Temple: D:4-7

Altars:
Cheibriados
Uskayaw

Portals:
Sewer: D:4


Innate Abilities, Weirdness & Mutations

You have a pair of small horns on your head.
You are partially covered in sharp spines.
Your movements are slightly less encumbered by armour. (ER -2)


Message History

Your unstable footing causes you to fumble your attack.
The giant cockroach splashes around in the water.
The worker ant closely misses you. The worm bites you but does no damage.
You slash the worm! You headbutt the worm.
The worm is heavily wounded.
The worker ant is struck by your spines.
The worker ant bites you but does no damage.
You barely miss the worm.
The worm is heavily wounded.
The worker ant bites you.
* * * LOW HITPOINT WARNING * * *
You are poisoned.
The worker ant poisons you! The phantom hits you.
* * * LOW HITPOINT WARNING * * *
The phantom blinks!
The worm is struck by your spines. The worm bites you.
* * * LOW HITPOINT WARNING * * *
Your unstable footing causes you to fumble your attack.
You feel sick.
The worker ant completely misses you. x2
The worm is struck by your spines. The worm bites you!
You die...

#........#.## #.
###.####...# ##
####...####...#
##.......###.#.....
##..#...#..#..#####.
#...≈≈≈≈≈..$.##
#.#≈≈≈≈≈≈≈#..#
##..≈≈≈s≈≈≈≈..#
#...≈≈aw≈≈≈....
#...≈≈@§≈≈≈...#
#..#≈≈≈≈≈≈≈#...
#....≈≈W≈≈.....
#.#..#≈..#..#.. #
##........# .
..##....... ...
.....## ... .....#


You could see a phantom, a worm, a worker ant and a giant cockroach.

Vanquished Creatures
  An iguana (D:4)
  Natasha (thrice) (D:2)
  Robin (D:2)
  6 adders
  An ooze (D:3)
  3 worms (D:2)
  2 leopard geckos (D:3)
  6 orcs (D:4)
  5 bats
  2 giant cockroaches
  11 goblins
  11 hobgoblins
  8 kobolds
  A ball python (D:3)
  A frilled lizard (D:3)
  9 rats
71 creatures vanquished.

Notes
Turn   | Place    | Note
-------+----------+-------------------------------------------
     0 | D:1      | Voker57 the Demonspawn Gladiator began the quest for the
                  | Orb.
     0 | D:1      | Reached XP level 1. HP: 16/16 MP: 1/1
    77 | D:1      | Found a snail-covered altar of Cheibriados.
   689 | D:2      | Reached skill level 3 in Long Blades
   691 | D:2      | Gained mutation: Your movements are slightly less
                  | encumbered by armour. (ER -2) [demonic ancestry]
   691 | D:2      | Reached XP level 2. HP: 21/22 MP: 2/2
   837 | D:2      | Noticed Robin
   859 | D:2      | Gained mutation: You are partially covered in sharp spines.
                  | [demonic ancestry]
   859 | D:2      | Reached XP level 3. HP: 4/28 MP: 3/3
   875 | D:2      | Killed Robin
  1221 | D:2      | Found a faded altar of an unknown god.
  1235 | D:2      | Became a worshipper of Cheibriados the Contemplative
  1235 | D:2      | Reached * piety under Cheibriados
  1259 | D:2      | Noticed Natasha
  1265 | D:2      | Killed Natasha
  1265 | D:2      | Gained mutation: You have a pair of small horns on your
                  | head. [demonic ancestry]
  1265 | D:2      | Reached XP level 4. HP: 34/34 MP: 4/4
  1316 | D:2      | Noticed Natasha
  1319 | D:2      | Killed Natasha
  1430 | D:2      | Noticed Natasha
  1441 | D:2      | Killed Natasha
  1441 | D:2      | Reached skill level 4 in Long Blades
  1977 | D:3      | Reached XP level 5. HP: 39/41 MP: 5/5
  1998 | D:3      | Reached ** piety under Cheibriados
  2678 | D:4      | Found a hide-covered altar of Uskayaw.
  2687 | D:4      | Reached skill level 1 in Invocations
  2834 | D:4      | Noticed a phantom
  2845 | D:4      | Found a glowing drain.
  2861 | D:4      | Slain by a worm

Levels and vault maps discovered:
D:1:      matt_arrival_refuge, layout_rooms, serial_curves, eino_curves_03,
          eino_curves_02, eino_curves_02, eino_curves_03, cheibriados_altar_1
D:2:      layout_loops_ring, chequers_ecumenical_altar_twisty, uniq_robin,
          uniq_natasha
D:3:      minmay_diamond_boxcup, layout_basic, first_ration,
          kennysheep_generic_room_7
D:4:      layout_rooms, nicolae_overflow_crystal_walls, lemuel_crystal_altar,
          serial_shops, nicolae_shop_window_shopping, gammafunk_ghost_icy,
          cheibrodos_sewer_entry_drain

Skill      XL: |  1  2  3  4  5 |
---------------+----------------+-----
Long Blades    | 3 4 |  4.5
Dodging        | 3 |  3.7
Fighting       | 3 |  3.4
Invocations    | 1 |  1.6
Throwing       | |  1.7

Action                   |  1- 3 |  4- 6 || total
-------------------------+-------+-------++-------
Melee: Long sword        |    80 |    78 ||   158
       Headbutt          |       |    18 ||    18
Throw: Throwing net      |     5 |       ||     5
  Use: Potion            |     3 |       ||     3
       Scroll            |       |     6 ||     6
 Stab: Held in net/web   |     1 |       ||     1
       Sleeping          |     2 |     2 ||     4
       Distracted        |       |     1 ||     1
  Eat: Chunk             |     1 |     2 ||     3
Armor: Leather armour    |    26 |    13 ||    39
Dodge: Dodged            |    64 |    65 ||   129
       Rpst.: Long sword |    20 |    18 ||    38

Table legend:
 A = Non-vault XP
 B = Vault XP
 C = Vault XP percentage of total XP
 D = Non-vault monster count
 E = Vault monster count
 F = Vault count percentage of total count
                 A         B        C        D         E       F
            +---------+---------+-------+---------+---------+-------
      Total |     247 |     113 |  31.4 |      49 |      22 |  31.0
            +---------+---------+-------+---------+---------+-------
        D:1 |      10 |       0 |   0.0 |       6 |       0 |   0.0
        D:2 |     108 |      69 |  39.0 |      22 |      12 |  35.3
        D:3 |      34 |      44 |  56.4 |      11 |      10 |  47.6
        D:4 |      95 |       0 |   0.0 |      10 |       0 |   0.0
            +---------+---------+-------+---------+---------+-------
